 Dungeon Crawl Stone Soup version 0.32-a0-876-gcfddb08e57 (webtiles) character file.

Game seed: 4463576184733806515

172 Fractals the Thaumaturge (level 5, -1/38 (43) HPs)
             Began as a Gnoll Wanderer on Apr 1, 2024.
             Slain by a cerulean imp
             ... wielding a +2 spear
             ... summoned by Natasha
              (5 damage)
             ... on level 4 of the Dungeon.
             The game lasted 00:08:11 (3204 turns).

Fractals the Thaumaturge (Gnoll Wanderer)           Turns: 3204, Time: 00:08:12

HP:   -1/38 (43)    AC:  5    Str: 10    XL:     5   Next: 52%
MP:   16/16         EV: 12    Int: 13    God:
Gold: 172           SH:  0    Dex: 13    Spells: 21/22 levels left

rFire   . . .        h - +0 dagger (drain)
rCold   . . .        (no shield)
rNeg    . . .        r - +0 leather armour
rPois   .            (no helmet)
rElec   .            i - +0 cloak
rCorr   .            (no gloves)
SInv    .            b - +0 pair of boots
Will    .....        (no amulet)
Stlth   ++           (no ring)
HPRegen 0.26/turn    (no ring)
MPRegen 0.15/turn

%: no passive effects
@: heavily drained
A: fangs 1, strong nose, distributed training
a: no special abilities


You were on level 4 of the Dungeon.
You visited 1 branch of the dungeon, and saw 4 of its levels.

You collected 172 gold pieces.

Inventory:

Hand Weapons
 h - a +0 dagger of draining (weapon)
Armour
 b - a +0 pair of boots (worn)
 i - a +0 cloak (worn)
 r - a +0 leather armour (worn)
Jewellery
 p - a +6 ring of dexterity
Scrolls
 a - a scroll of blinking {unknown}
 c - a scroll of teleportation
 m - a scroll of butterflies {unknown}
 q - a scroll of poison
Potions
 d - a potion of attraction
 e - a potion of brilliance {unknown}
 f - a potion of enlightenment {unknown}
 g - a potion of lignification
 j - 2 potions of magic {unknown}
 k - 2 potions of curing
 n - a potion of haste {unknown}
 o - a potion of degeneration {unknown}


   Skills:
 + Level 4.8 Fighting
 + Level 1.6 Short Blades
 + Level 3.0 Long Blades
 + Level 1.6 Axes
 + Level 1.6 Maces & Flails
 + Level 1.6 Polearms
 + Level 1.6 Staves
 + Level 1.6 Ranged Weapons
 + Level 1.6 Throwing
 + Level 1.6 Armour
 + Level 4.8 Dodging
 + Level 1.6 Stealth
 + Level 1.6 Shields
 + Level 1.6 Unarmed Combat
 + Level 9.4 Spellcasting
 + Level 1.2 Conjurations
 + Level 1.2 Hexes
 + Level 1.2 Summonings
 + Level 1.2 Necromancy
 + Level 1.2 Translocations
 + Level 1.2 Fire Magic
 + Level 1.2 Ice Magic
 + Level 1.2 Air Magic
 + Level 1.2 Earth Magic
 + Level 1.2 Alchemy
 + Level 1.8 Invocations
 + Level 1.6 Evocations
 + Level 1.4 Shapeshifting


You had 21 spell levels left.
You knew the following spells:

 Your Spells              Type           Power      Damage    Failure   Level
a - Sandblast             Erth           18%        2d7       10%         1

Your spell library contained the following spells:

 Spells                   Type           Power      Damage    Failure   Level
 Necrotise                Necr           36%        1d5       10%         1
 Fugue of the Fallen      Necr           9%         N/A       28%         3
 Mephitic Cloud           Conj/Alch/Air  9%         N/A       28%         3
 Ozocubu's Armour         Ice            9%         N/A       28%         3
 Passwall                 Erth           9%         N/A       28%         3
 Tukima's Dance           Hex            9%         N/A       28%         3
 Dimensional Bullseye     Hex/Tloc       4%         N/A       67%         4
 Iskenderun's Mystic Bla Conj/Tloc 9%             2d4        (+2d1     67%         4
 Manifold Assault         Tloc           4%         N/A       100%        7


Dungeon Overview and Level Annotations

Branches:
Dungeon (4/15)
 Temple: D:4-7

Altars:

Annotations:
D:4 Natasha


Innate Abilities, Weirdness & Mutations

You have very sharp teeth.
Your uncanny sense of smell can sniff out nearby items.
Your experience applies equally to all skills.


Message History

Natasha claws you. The cerulean imp barely misses you.
Unknown command.
Aiming: Sandblast (safe; 10% risk of failure)
Press: ? - help, Q - select action Shift-Dir - straight line, f - Natasha
Aim: Natasha (moderately wounded, heavily drained, 76% to hit)
The blast of sand hits Natasha.
Natasha is heavily wounded.
The cerulean imp hits you with a +2 spear.
Natasha claws you but does no damage.
You closely miss Natasha.
Natasha is heavily wounded.
The cerulean imp barely misses you. Natasha closely misses you.
You barely miss Natasha.
Natasha is heavily wounded.
The cerulean imp hits you with a +2 spear.
Natasha claws you.
You barely miss Natasha.
Natasha is heavily wounded.
The cerulean imp hits you with a +2 spear.
* * * LOW HITPOINT WARNING * * *
Natasha claws you.
* * * LOW HITPOINT WARNING * * *
You hit Natasha. Your bite misses Natasha.
Natasha is severely wounded.
The cerulean imp barely misses you. Natasha barely misses you.
You barely miss Natasha.
Natasha is severely wounded.
The cerulean imp hits you with a +2 spear.
* * * LOW HITPOINT WARNING * * *
Natasha claws you.
* * * LOW HITPOINT WARNING * * *
You hit Natasha but do no damage. You bite Natasha.
Natasha is severely wounded.
The cerulean imp hits you with a +2 spear.
* * * LOW HITPOINT WARNING * * *
Natasha closely misses you.
You closely miss Natasha. You bite Natasha.
Natasha is almost dead.
The cerulean imp hits you with a +2 spear.
You die...

#.. #.# #.# #.#
#.# #.# #h# #@#
#5# #.# #.# #.#
#.#
################.#
.................#
.#################


You could see Natasha (very drained) and a cerulean imp (summoned).

Vanquished Creatures
  Terence (D:2)
  An orc wizard (D:3)
  3 gnolls (D:4)
  2 adders
  2 ribbon worms (D:2)
  3 orcs
  3 endoplasms
  11 goblins
  6 hobgoblins
  4 jackals (D:2)
  10 kobolds
  2 quokkas
  6 ball pythons
  4 bats
  A frilled lizard (D:3)
  8 rats
67 creatures vanquished.

Notes
Turn   | Place    | Note
-------+----------+-------------------------------------------
     0 | D:1      | Reached skill level 9 in Spellcasting
     0 | D:1      | Fractals the Gnoll Wanderer began the quest for the Orb.
     0 | D:1      | Fractals set off with the following items: a +0 falchion, a
                  | +0 pair of boots, a scroll of teleportation, a +0 robe; and
                  | the following spells available to memorise: Necrotise,
                  | Sandblast, Mephitic Cloud, Passwall.
     0 | D:1      | Reached XP level 1. HP: 20/20 MP: 10/10
   163 | D:1      | Learned a level 1 spell: Sandblast
   225 | D:1      | Reached XP level 2. HP: 26/26 MP: 10/12
   269 | D:1      | You fall into a shaft and drop 1 floor!
   566 | D:1      | Found a faded altar of an unknown god.
   848 | D:1      | Reached XP level 3. HP: 31/31 MP: 13/13
  1121 | D:2      | Noticed Terence
  1151 | D:2      | Killed Terence
  1152 | D:2      | Reached skill level 1 in Short Blades
  1152 | D:2      | Reached skill level 1 in Axes
  1152 | D:2      | Reached skill level 1 in Maces & Flails
  1152 | D:2      | Reached skill level 1 in Polearms
  1152 | D:2      | Reached skill level 1 in Staves
  1152 | D:2      | Reached skill level 1 in Ranged Weapons
  1152 | D:2      | Reached skill level 1 in Throwing
  1152 | D:2      | Reached skill level 1 in Armour
  1152 | D:2      | Reached skill level 1 in Stealth
  1152 | D:2      | Reached skill level 1 in Shields
  1152 | D:2      | Reached skill level 1 in Unarmed Combat
  1152 | D:2      | Reached skill level 1 in Invocations
  1152 | D:2      | Reached skill level 1 in Evocations
  1321 | D:2      | Reached skill level 1 in Shapeshifting
  1321 | D:2      | Reached XP level 4. HP: 38/38 MP: 13/15
  1958 | D:2      | Reached skill level 1 in Conjurations
  1958 | D:2      | Reached skill level 1 in Hexes
  1958 | D:2      | Reached skill level 1 in Summonings
  1958 | D:2      | Reached skill level 1 in Necromancy
  1958 | D:2      | Reached skill level 1 in Translocations
  1958 | D:2      | Reached skill level 1 in Fire Magic
  1958 | D:2      | Reached skill level 1 in Ice Magic
  1958 | D:2      | Reached skill level 1 in Air Magic
  1958 | D:2      | Reached skill level 1 in Earth Magic
  1958 | D:2      | Reached skill level 1 in Alchemy
  2368 | D:3      | Reached XP level 5. HP: 27/35 MP: 12/16
  3183 | D:4      | Noticed Natasha
  3204 | D:4      | Slain by a cerulean imp

Illustrated notes

Levels and vault maps discovered:
D:1:      mrwooster_arrival_statue_2, layout_basic,
          ebering_ecumenical_altar_mist
D:2:      kennysheep_the_goblin_king, layout_basic, uniq_terence
D:3:      minmay_inner_zag, layout_loops_ring
D:4:      layout_basic, minmay_temple_entry_poolview, kennysheep_generic_room_5,
          uniq_natasha

Skill      XL: |  1  2  3  4  5 |
---------------+----------------+-----
Spellcasting   | |  9.4
Short Blades   | 1 |  1.6
Axes           | 1 |  1.6
Maces & Flails | 1 |  1.6
Polearms       | 1 |  1.6
Staves         | 1 |  1.6
Ranged Weapons | 1 |  1.6
Throwing       | 1 |  1.6
Armour         | 1 |  1.6
Stealth        | 1 |  1.6
Shields        | 1 |  1.6
Unarmed Combat | 1 |  1.6
Invocations    | 1 |  1.8
Evocations     | 1 |  1.6
Shapeshifting  | 1 |  1.4
Conjurations   | 1 |  1.2
Hexes          | 1 |  1.2
Summonings     | 1 |  1.2
Necromancy     | 1 |  1.2
Translocations | 1 |  1.2
Fire Magic     | 1 |  1.2
Ice Magic      | 1 |  1.2
Air Magic      | 1 |  1.2
Earth Magic    | 1 |  1.2
Alchemy        | 1 |  1.2
Long Blades    | 3 |  3.0
Fighting       | |  4.8
Dodging        | |  4.8

Action                     |  1- 3 |  4- 6 || total
---------------------------+-------+-------++-------
  Melee: Falchion          |    80 |    42 ||   122
         Bite              |     4 |    17 ||    21
         Dagger            |       |    66 ||    66
   Cast: Sandblast         |    20 |    21 ||    41
    Use: Scroll            |     1 |     4 ||     5
         Potion            |     1 |       ||     1
   Stab: Sleeping          |     3 |     2 ||     5
 Armour: Robe              |    40 |    31 ||    71
         Skin              |    13 |       ||    13
         Leather armour    |       |    40 ||    40
  Dodge: Dodged            |    45 |    72 ||   117

Table legend: (Time is in decaauts)
 A = Elapsed time spent in this place.
 B = Non-inter-level travel time spent in this place.
 C = Inter-level travel time spent in this place.
 D = Time resting spent in this place.
 E = Time spent auto-exploring this place.
 F = Levels seen in this place.
 G = Mean time per level.
                   A        B        C        D        E       F      G
               +--------+--------+--------+--------+--------+-----+--------+
         Total |   3241 |   3044 |    197 |    275 |   1967 |   4 |  810.2 |
       Dungeon |   3241 |   3044 |    197 |    275 |   1967 |   4 |  810.2 |
               +--------+--------+--------+--------+--------+-----+--------+

Top non-repeatable levels by time:
     D:2: 1336 daAuts
     D:1: 861 daAuts
     D:3: 756 daAuts
     D:4: 287 daAuts
